 Dungeon Crawl Stone Soup version 0.31-a0-965-g8a8ce12e04 (webtiles) character file.

Game seed: 3726243645781797810

193 tsujin the Shooter (level 6, -5/37 HPs)
             Began as a Kobold Hunter on Oct 26, 2023.
             Slain by an iguana (10 damage)
             ... on level 4 of the Dungeon.
             The game lasted 00:03:17 (1350 turns).

tsujin the Shooter (Kobold Hunter)                  Turns: 1350, Time: 00:03:18

Health: -5/37      AC:  4    Str: 10    XL:     6   Next: 2%
Magic:  6/6        EV: 15    Int: 11    God:
Gold:   88         SH:  0    Dex: 18    Spells: 5/5 levels left

rFire   . . .        a - +0 shortbow
rCold   . . .        (shield currently unavailable)
rNeg    . . .        c - +0 leather armour
rPois   .            (no helmet)
rElec   .            (no cloak)
rCorr   .            e - +0 pair of gloves
SInv    .            (no boots)
Will    .....        (no amulet)
Stlth   ++++         (no ring)
HPRegen 0.26/turn    (no ring)
MPRegen 0.10/turn

%: no passive effects
@: no status effects
A: small, no large weapons, nightstalker 3
a: no special abilities


You were on level 4 of the Dungeon.
You visited 1 branch of the dungeon, and saw 3 of its levels.

You collected 88 gold pieces.

Inventory:

Hand Weapons
 a - a +0 shortbow (weapon)
Armour
 c - a +0 leather armour (worn)
 e - a +0 pair of gloves (worn)
Scrolls
 b - a scroll of butterflies
 d - 2 scrolls of amnesia


   Skills:
 + Level 3.6 Fighting
 + Level 6.4 Ranged Weapons
 + Level 4.0 Dodging
 + Level 4.0 Stealth


You had 5 spell levels left.
You didn't know any spells.
Your spell library contained the following spells:

 Spells                   Type           Power      Damage    Failure   Level
 Slow                     Hex            0%         N/A       43%         1
 Confusing Touch          Hex            0%         N/A       82%         3
 Sigil of Binding         Hex            0%         N/A       82%         3
 Vampiric Draining        Necr           0%         2d6       82%         3


Dungeon Overview and Level Annotations

Branches:
Dungeon (2/15)

Altars:
The Shining One


Innate Abilities, Weirdness & Mutations

You are small and have problems with some larger weapons.
You are completely attuned to the shadows.


Message History

You take 9 damage, and have 17/37 hp.
MASSIVE DAMAGE!!
Fire: a) +0 shortbow
Press: ? - help, Q - select action Shift-Dir - straight line, f - iguana
Aim: an iguana (lightly wounded, 69% to hit)
You shoot an arrow. The arrow closely misses the iguana.
The iguana misses you.
Fire: a) +0 shortbow
Press: ? - help, Q - select action Shift-Dir - straight line, f/p - iguana
Aim: an iguana (lightly wounded, 69% to hit)
You shoot an arrow. The arrow barely misses the iguana.
The iguana barely misses you.
Fire: a) +0 shortbow
Press: ? - help, Q - select action Shift-Dir - straight line, f/p - iguana
Aim: an iguana (lightly wounded, 69% to hit)
You shoot an arrow.
The arrow hits the iguana but does no damage.
The iguana is lightly wounded.
The iguana closely misses you.
Fire: a) +0 shortbow
Press: ? - help, Q - select action Shift-Dir - straight line, f/p - iguana
Aim: an iguana (lightly wounded, 69% to hit)
You shoot an arrow. The arrow hits the iguana.
The iguana is lightly wounded.
The iguana completely misses you.
Fire: a) +0 shortbow
Press: ? - help, Q - select action Shift-Dir - straight line, f/p - iguana
Aim: an iguana (lightly wounded, 69% to hit)
You shoot an arrow. The arrow barely misses the iguana.
The iguana misses you. The iguana bites you.
You take 5 damage, and have 13/37 hp.
Fire: a) +0 shortbow
Press: ? - help, Q - select action Shift-Dir - straight line, f/p - iguana
Aim: an iguana (lightly wounded, 69% to hit)
You shoot an arrow. The arrow barely misses the iguana.
The iguana bites you!
* * * LOW HITPOINT WARNING * * *
You take 8 damage, and have 5/37 hp.
MASSIVE DAMAGE!!
The iguana attacks as it pursues you! The iguana closely misses you.
The iguana bites you!
You die...

. #..# # ####..#
#.... ......# #.#.#
#.# #.#_# #.# #.#.#
##.## ....#######
#...#
..........#####l..#
.........<...##.@.#
#.#######.##.####.#
#.# #.##.# #.# .
#.##.# #.#
#.#..####.#
#.........#
###.####..# #.#
#..# #.# #..#


You could see an iguana.

Vanquished Creatures
  Menkaure (D:4)
  An iguana (D:4)
  An adder (D:2)
  A worm (D:2)
  A dart slug (D:1)
  4 ball pythons (D:1)
  2 endoplasms (D:1)
  2 giant cockroaches (D:1)
  5 hobgoblins
  8 kobolds
  A bat (D:1)
  4 frilled lizards
  3 rats (D:1)
34 creatures vanquished.

Notes
Turn   | Place    | Note
-------+----------+-------------------------------------------
     0 | D:1      | tsujin the Kobold Hunter began the quest for the Orb.
     0 | D:1      | Reached XP level 1. HP: 12/12 MP: 1/1
   211 | D:1      | Reached XP level 2. HP: 18/18 MP: 2/2
   508 | D:1      | Reached XP level 3. HP: 14/22 MP: 3/3
  1068 | D:2      | You fall into a shaft and drop 2 floors!
  1098 | D:4      | HP: 1/22 [iguana (9)]
  1124 | D:4      | Reached XP level 4. HP: 7/28 MP: 4/4
  1288 | D:4      | Found a glowing golden altar of the Shining One.
  1320 | D:4      | Noticed Menkaure
  1333 | D:4      | Killed Menkaure
  1334 | D:4      | Reached skill level 6 in Ranged Weapons
  1334 | D:4      | Reached XP level 5. HP: 7/32 MP: 5/5
  1334 | D:4      | Reached XP level 6. HP: 8/37 MP: 6/6
  1350 | D:4      | Slain by an iguana

Illustrated notes

Levels and vault maps discovered:
D:1:      psy_arrival_radial01, layout_loops_ring
D:2:      layout_basic
D:4:      layout_loops_ring, overflow_temple_1_default, vehumet_statue,
          uniq_duvessa, uniq_menkaure

Skill      XL: |  1  2  3  4 |
---------------+-------------+-----
Stealth        | 2 3 4 |  4.0
Dodging        | 3 4 |  4.0
Fighting       | 3 |  3.6
Ranged Weapons | 6 |  6.4

Action                     |  1- 3 |  4- 6 || total
---------------------------+-------+-------++-------
   Fire: Shortbow          |    91 |    22 ||   113
    Use: Scroll            |     5 |       ||     5
         Potion            |     1 |     2 ||     3
 Armour: Leather armour    |    19 |     7 ||    26
  Dodge: Dodged            |    13 |    15 ||    28

Table legend: (Time is in decaauts)
 A = Elapsed time spent in this place.
 B = Non-inter-level travel time spent in this place.
 C = Inter-level travel time spent in this place.
 D = Time resting spent in this place.
 E = Time spent auto-exploring this place.
 F = Levels seen in this place.
 G = Mean time per level.
                   A        B        C        D        E       F      G
               +--------+--------+--------+--------+--------+-----+--------+
         Total |   1355 |   1318 |     37 |    125 |    885 |   3 |  451.7 |
       Dungeon |   1355 |   1318 |     37 |    125 |    885 |   3 |  451.7 |
               +--------+--------+--------+--------+--------+-----+--------+

Top non-repeatable levels by time:
     D:1: 777 daAuts
     D:2: 304 daAuts
     D:4: 273 daAuts
